 Dungeon Crawl Stone Soup version 0.22.0-49-gab54619 (webtiles) character file.

27790 Lew the Blocker (level 13, -2/156 HPs)
             Began as a Gnoll Fighter on Sept 5, 2018.
             Was the Champion of Okawaru.
             Slain by a blink frog (9 damage)
             ... on level 1 of the Lair of Beasts.
             The game lasted 00:34:49 (16493 turns).

Lew the Blocker (Gnoll Fighter)                    Turns: 16493, Time: 00:34:49

Health: -2/156     AC: 17    Str: 24    XL:     13   Next: 34%
Magic:  25/25      EV: 18    Int: 10    God:    Okawaru [******]
Gold:   1070       SH:  9    Dex: 26    Spells: 25/28 levels left

rFire    . . .     SeeInvis .   k - +2 whip (elec)
rCold    . . .     Gourm    +   g - +1 buckler {reflect}
rNeg     + . .     Faith    .   H - +1 scale mail {rN+}
rPois    +         Spirit   .   p - +2 helmet
rElec    .         Reflect  +   i - +0 cloak
rCorr    .         Harm     .   d - +0 pair of gloves
MR       .....     Clarity  +   u - +0 pair of boots
Stlth    ..........             G - amulet of the gourmand
HPRegen  0.36/turn              m - ring of poison resistance
MPRegen  0.19/turn              w - +4 ring of dexterity

@: berserking, very quick
A: distributed training, fangs 1, talons 1, agile 1, clarity, sturdy frame 1,
strong nose
a: Heroism, Finesse, Renounce Religion


You were on level 1 of the Lair of Beasts.
You worshipped Okawaru.
Okawaru was exalted by your worship.
You were not hungry.

You visited 3 branches of the dungeon, and saw 16 of its levels.

You collected 1070 gold pieces.

Inventory:

Hand Weapons
 k - a +2 whip of electrocution (weapon)
 r - a +0 broad axe
 E - a +1 war axe of freezing
Armour
 d - a +0 pair of gloves (worn)
 g - a +1 buckler of reflection (worn)
 i - a +0 cloak (worn)
 p - a +2 helmet (worn)
 u - a +0 pair of boots (worn)
 A - a +0 hat of see invisible
 D - the +3 shield "Jozofaen" {rF+ Str-4 Int+7 Stlth+}
   (You found it on level 10 of the Dungeon)

   It affects your strength (-4).
   It affects your intelligence (+7).
   It protects you from fire.
   It makes you more stealthy.
 H - a +1 scale mail of positive energy (worn)
Jewellery
 l - an uncursed ring of resist corrosion
 m - a ring of poison resistance (left hand)
 q - an uncursed ring of stealth
 w - a +4 ring of dexterity (right hand)
 F - the ring of Hyumad {Fire Int+4 Dex+2}
   (You found it on level 10 of the Dungeon)

   [ring of fire]

   It enhances your fire magic.
   It affects your intelligence (+4).
   It affects your dexterity (+2).
   It protects you from fire.
   It makes you vulnerable to cold.
 G - an amulet of the gourmand (around neck)
Wands
 o - a wand of iceblast (30)
 v - a wand of polymorph (27)
Scrolls
 b - a scroll of identify
 c - a scroll of amnesia
 e - 3 scrolls of remove curse
 h - 4 scrolls of noise
 j - 3 scrolls of immolation
 s - 2 scrolls of magic mapping
 t - 3 scrolls of teleportation
 x - a scroll of torment {unknown}
Potions
 a - 3 potions of cancellation
 n - a potion of brilliance
 z - 3 potions of mutation
Comestibles
 f - 27 rations


   Skills:
 + Level 10.3 Fighting
 + Level 8.0 Short Blades
 + Level 8.0 Long Blades
 + Level 9.3 Axes
 + Level 8.0 Maces & Flails
 + Level 8.0 Polearms
 + Level 8.0 Staves
 + Level 8.0 Slings
 + Level 8.0 Bows
 + Level 8.0 Crossbows
 + Level 8.0 Throwing
 + Level 10.3 Armour
 + Level 8.0 Dodging
 + Level 8.0 Stealth
 + Level 10.3 Shields
 + Level 8.0 Unarmed Combat
 + Level 8.0 Spellcasting
 + Level 6.7 Conjurations
 + Level 6.7 Hexes
 + Level 6.7 Charms
 + Level 6.7 Summonings
 + Level 6.7 Necromancy
 + Level 6.7 Translocations
 + Level 6.7 Transmutations
 + Level 6.7 Fire Magic
 + Level 6.7 Ice Magic
 + Level 6.7 Air Magic
 + Level 6.7 Earth Magic
 + Level 6.7 Poison Magic
 + Level 8.8 Invocations
 + Level 8.0 Evocations


You had 25 spell levels left.
You knew the following spells:

 Your Spells              Type           Power        Failure   Level  Hunger
a - Inner Flame           Hex/Fire       ###.....     4%          3    ###....

Your spell library contained the following spells:

 Spells                   Type           Power        Failure   Level  Hunger
 Flame Tongue             Conj/Fire      ###..        1%          1    None
 Freeze                   Ice            ###.         1%          1    None
 Summon Small Mammal      Summ           ###.         1%          1    None
 Call Imp                 Summ           ###.....     2%          2    #......
 Corpse Rot               Necr           N/A          2%          2    #......
 Sublimation of Blood     Necr           ###.......   2%          2    #......
 Throw Flame              Conj/Fire      ###...       2%          2    #......
 Throw Frost              Conj/Ice       ###...       2%          2    #......
 Call Canine Familiar     Summ           ###.....     4%          3    ###....
 Conjure Flame            Conj/Fire      ###.....     4%          3    ###....
 Gell's Gravitas          Tloc           ###.......   4%          3    ###....
 Ozocubu's Armour         Chrm/Ice       ###.....     4%          3    ###....
 Portal Projectile        Hex/Tloc       ###...       4%          3    ###....
 Recall                   Summ/Tloc      N/A          4%          3    ###....
 Summon Guardian Golem    Hex/Summ       ###.....     4%          3    ###....
 Vampiric Draining        Necr           ###.......   4%          3    ###....
 Force Lance              Conj/Tloc      ###.....     16%         4    ####...
 Sticky Flame             Conj/Fire      ###.....     16%         4    ####...
 Summon Ice Beast         Ice/Summ       ###.....     16%         4    ####...
 Summon Lightning Spire   Summ/Air       ###.....     16%         4    ####...
 Throw Icicle             Conj/Ice       ###.....     16%         4    ####...
 Aura of Abjuration       Summ           ###.......   41%         5    ######.
 Fireball                 Conj/Fire      ###.......   41%         5    ######.
 Summon Demon             Summ           ###.......   41%         5    ######.
 Summon Forest            Summ/Tloc      ###.......   41%         5    ######.
 Summon Mana Viper        Hex/Summ       ###.....     41%         5    ######.
 Dispersal                Tloc           ###.......   94%         6    #######
 Iron Shot                Conj/Erth      ###.......   94%         6    #######
 Shadow Creatures         Summ           N/A          94%         6    #######
 Statue Form              Tmut/Erth      ###......    94%         6    #######
 Controlled Blink         Tloc           N/A          100%        8    #######
 Disjunction              Tloc           ###.......   100%        8    #######


Dungeon Overview and Level Annotations

Branches:
Dungeon (14/15)            Temple (1/1) D:7            Lair (1/6) D:11
    Orc (0/2) D:11         Vaults (0/5) D:13

Altars:
Ashenzari
Cheibriados
Dithmenos
Elyvilon
Fedhas
Gozag
Hepliaklqana
Kikubaaqudgha
Makhleb
Nemelex Xobeh
Okawaru
Qazlal
Ru
Sif Muna
Trog
Uskayaw
Vehumet
Wu Jian
Xom
Yredelemnul
Zin
The Shining One

Shops:
D:4 *   D:7 *

Annotations:
D:13 Frances


Innate Abilities, Weirdness & Mutations

Your experience applies equally to all skills.
You have very sharp teeth.
Your uncanny sense of smell can sniff out nearby items.
You have sharp toenails.
You are agile. (Dex +2)
You possess an exceptional clarity of mind.
Your movements are slightly less encumbered by armour. (ER -2)


Message History

You kill the porcupine!
Okawaru accepts your kill.
You hit the porcupine.
Lightning courses through the porcupine!
You bite the porcupine.
You kill the porcupine!
Okawaru accepts your kill.
You whack the blink frog!
Lightning courses through the blink frog!
You kill the blink frog!
Okawaru accepts your kill.
You barely miss the blink frog. Your bite misses the blink frog.
The blink frog is lightly wounded.
The blink frog closely misses you.
You completely miss the blink frog.
The blink frog is lightly wounded.
You whack the blink frog!
The blink frog is heavily wounded.
The blink frog hits you!
You die...

.........##........# ...#
..........#........# ....#.
.....#..|##..#.######......
.........###.#.####.#....+.
..P##P..........$.........#
...........................
...........................
................F†.........
................@†.........
..................†........
.........................##
##.##....................#
.####......######.#......#
...##......## ###......#
...##.......# #......#
...##......#. #......+
....#......#


You could see a blink frog.

Vanquished Creatures
  Fannar (Lair:1)
  Erolcha (D:12)
  5 two-headed ogres
  Urug (D:10)
  7 unseen horrors
  A wizard (D:10)
  5 large abominations (D:10)
  Pikel (D:5)
  A wolf spider zombie (D:13)
  4 ugly things
  3 cyclopes
  A manticore (D:11)
  Joseph (D:10)
  The ghost of dvd the Conjurer, a novice DECj (D:5)
  A tyrant leech (D:11)
  3 trolls
  A queen bee (D:9)
  Grinder (D:3)
  3 hornets (D:9)
  4 blink frogs (Lair:1)
  A dream sheep (D:8)
  2 hippogriffs (D:12)
  Sigmund (D:4)
  2 vampires (D:12)
  An acid dragon (D:10)
  7 small abominations (D:10)
  Duvessa (D:5)
  3 porcupines (Lair:1)
  5 water moccasins
  3 slaves (D:5)
  2 hornet zombies
  7 orc warriors
  A sky beast (D:9)
  3 phantoms
  An ice beast (D:10)
  7 ogres
  7 centaurs
  3 big kobolds
  3 bullfrogs
  Dowan (D:5)
  A scorpion (D:12)
  32 killer bees
  5 howler monkeys
  4 centaur zombies
  10 crimson imps
  2 bullfrog zombies
  4 orc priests
  4 hounds
  A jelly (D:8)
  A quasit (D:8)
  A centaur skeleton (D:3)
  14 orc wizards
  Ijyb (D:4)
  2 iguanas
  Crazy Yiuf (D:3)
  2 bullfrog skeletons
  7 worker ants
  4 hound zombies
  11 gnolls
  2 howler monkey skeletons
  16 adders
  3 shadow imps
  A howler monkey simulacrum (D:11)
  3 oozes
  3 adder zombies
  3 worms
  2 dart slugs
  3 leopard geckos
  58 orcs
  4 ball pythons
  6 giant cockroaches
  8 goblins
  5 hobgoblins
  12 jackals
  5 quokkas
  19 bats
  A giant cockroach zombie (D:6)
  A jackal skeleton (D:8)
  A jackal zombie (D:6)
  31 kobolds
  A leopard gecko skeleton (D:5)
  9 rats
  A spectral orc (D:7)
412 creatures vanquished.

Vanquished Creatures (others)
  An unseen horror (D:13)
  4 dream sheep (D:8)
  An orc warrior (D:8)
  A slave (D:5)
  An orc (D:8)
  A giant cockroach (D:5)
9 creatures vanquished.

Grand Total: 421 creatures vanquished

Notes
Turn   | Place    | Note
-------+----------+-------------------------------------------
     0 | D:1      | Lew the Gnoll Fighter began the quest for the Orb.
     0 | D:1      | Reached XP level 1. HP: 23/23 MP: 1/1
    87 | D:1      | Reached XP level 2. HP: 29/29 MP: 2/2
   230 | D:1      | Reached XP level 3. HP: 32/35 MP: 3/3
   377 | D:1      | Reached skill level 1 in Invocations
   580 | D:2      | Found a sparkling altar of Nemelex Xobeh.
   609 | D:2      | Reached skill level 1 in Short Blades
   609 | D:2      | Reached skill level 1 in Long Blades
   609 | D:2      | Reached skill level 1 in Maces & Flails
   609 | D:2      | Reached skill level 1 in Polearms
   609 | D:2      | Reached skill level 1 in Staves
   609 | D:2      | Reached skill level 1 in Slings
   609 | D:2      | Reached skill level 1 in Bows
   609 | D:2      | Reached skill level 1 in Crossbows
   609 | D:2      | Reached skill level 1 in Throwing
   609 | D:2      | Reached skill level 1 in Dodging
   609 | D:2      | Reached skill level 1 in Stealth
   609 | D:2      | Reached skill level 1 in Unarmed Combat
   609 | D:2      | Reached skill level 1 in Spellcasting
   609 | D:2      | Reached skill level 1 in Evocations
   609 | D:2      | Reached XP level 4. HP: 41/41 MP: 5/5
   808 | D:2      | Reached skill level 1 in Conjurations
   808 | D:2      | Reached skill level 1 in Hexes
   808 | D:2      | Reached skill level 1 in Charms
   808 | D:2      | Reached skill level 1 in Summonings
   808 | D:2      | Reached skill level 1 in Necromancy
   808 | D:2      | Reached skill level 1 in Translocations
   808 | D:2      | Reached skill level 1 in Transmutations
   808 | D:2      | Reached skill level 1 in Fire Magic
   808 | D:2      | Reached skill level 1 in Ice Magic
   808 | D:2      | Reached skill level 1 in Air Magic
   808 | D:2      | Reached skill level 1 in Earth Magic
   808 | D:2      | Reached skill level 1 in Poison Magic
   884 | D:2      | Found an iron altar of Okawaru.
   899 | D:2      | Became a worshipper of Warmaster Okawaru
  1626 | D:3      | Reached XP level 5. HP: 47/47 MP: 6/6
  1633 | D:3      | Gained mutation: You have a pair of small horns on your
                  | head. [potion of mutation]
  1633 | D:3      | Gained mutation: Your movements are slightly less
                  | encumbered by armour. (ER -2) [potion of mutation]
  1634 | D:3      | Lost mutation: You have a pair of small horns on your head.
                  | [potion of mutation]
  1634 | D:3      | Gained mutation: You possess an exceptional clarity of
                  | mind. [potion of mutation]
  1634 | D:3      | Gained mutation: You have sharp toenails. [potion of
                  | mutation]
  1634 | D:3      | Gained mutation: You are agile. (Dex +2) [potion of
                  | mutation]
  1890 | D:3      | Reached XP level 6. HP: 22/53 MP: 8/8
  2189 | D:3      | Found a runed door.
  2243 | D:3      | Noticed Grinder
  2252 | D:3      | Paralysed by Grinder for 3 turns
  2258 | D:3      | Killed Grinder
  2258 | D:3      | Reached * piety under Okawaru
  2258 | D:3      | Reached skill level 5 in Axes
  2258 | D:3      | Reached XP level 7. HP: 44/59 MP: 8/10
  2362 | D:3      | Noticed Crazy Yiuf
  2366 | D:3      | Killed Crazy Yiuf
  2699 | D:4      | Found a white marble altar of Elyvilon.
  2744 | D:4      | Found Imalacsi's General Store.
  2806 | D:4      | Noticed Ijyb
  2821 | D:4      | Killed Ijyb
  2888 | D:4      | Noticed Sigmund
  2934 | D:4      | Killed Sigmund
  2934 | D:4      | Reached ** piety under Okawaru
  3303 | D:4      | Found a bloodstained altar of Trog.
  3723 | D:5      | Entered Level 5 of the Dungeon
  3811 | D:5      | Noticed Pikel
  3852 | D:5      | Killed Pikel
  3852 | D:5      | Reached XP level 8. HP: 47/67 MP: 12/12
  4076 | D:5      | Found a shattered altar of Ashenzari.
  4165 | D:5      | Found a blossoming altar of Fedhas.
  4264 | D:5      | Noticed Duvessa
  4265 | D:5      | Noticed Dowan
  4274 | D:5      | Killed Duvessa
  4289 | D:5      | Killed Dowan
  4385 | D:5      | Reached XP level 9. HP: 72/72 MP: 14/14
  4546 | D:5      | Found an opulent altar of Gozag.
  4546 | D:5      | Found a sacrificial altar of Ru.
  4609 | D:5      | Found a transporter.
  4609 | D:5      | Noticed dvd's ghost (novice DECj)
  4611 | D:5      | Found a transporter.
  4864 | D:5      | Reached *** piety under Okawaru
  4867 | D:5      | Killed dvd's ghost
  6736 | D:7      | Found a hazy altar of Hepliaklqana.
  6874 | D:7      | Reached **** piety under Okawaru
  6874 | D:7      | Reached skill level 5 in Invocations
  6979 | D:7      | Found a basalt altar of Yredelemnul.
  7105 | D:7      | Reached XP level 10. HP: 58/80 MP: 15/17
  7253 | D:7      | Found Jaumioz's General Store.
  7340 | D:7      | Found a staircase to the Ecumenical Temple.
  7497 | Temple   | Entered the Ecumenical Temple
  7799 | D:8      | Noticed an enchanted dagger
  7799 | D:8      | Noticed a hand axe
  7801 | D:8      | Found a hide-covered altar of Uskayaw.
  7987 | D:8      | Noticed a two-headed ogre
  8000 | D:8      | Killed a two-headed ogre
  8000 | D:8      | Reached skill level 5 in Short Blades
  8000 | D:8      | Reached skill level 5 in Long Blades
  8000 | D:8      | Reached skill level 5 in Maces & Flails
  8000 | D:8      | Reached skill level 5 in Polearms
  8000 | D:8      | Reached skill level 5 in Staves
  8000 | D:8      | Reached skill level 5 in Slings
  8000 | D:8      | Reached skill level 5 in Bows
  8000 | D:8      | Reached skill level 5 in Crossbows
  8000 | D:8      | Reached skill level 5 in Throwing
  8000 | D:8      | Reached skill level 5 in Dodging
  8000 | D:8      | Reached skill level 5 in Stealth
  8000 | D:8      | Reached skill level 5 in Unarmed Combat
  8000 | D:8      | Reached skill level 5 in Spellcasting
  8000 | D:8      | Reached skill level 5 in Evocations
  8423 | D:8      | Found a shimmering altar of Xom.
  8423 | D:8      | Found a burning altar of Makhleb.
  8627 | D:8      | Found a shimmering altar of Xom.
  8630 | D:8      | Reached ***** piety under Okawaru
  8712 | D:8      | Received a gift from Okawaru
  9079 | D:9      | Received a gift from Okawaru
  9472 | D:9      | Reached XP level 11. HP: 81/87 MP: 19/19
 10035 | D:10     | Entered Level 10 of the Dungeon
 10107 | D:10     | Noticed a two-headed ogre
 10119 | D:10     | Killed a two-headed ogre
 10119 | D:10     | Reached skill level 5 in Conjurations
 10119 | D:10     | Reached skill level 5 in Hexes
 10119 | D:10     | Reached skill level 5 in Charms
 10119 | D:10     | Reached skill level 5 in Summonings
 10119 | D:10     | Reached skill level 5 in Necromancy
 10119 | D:10     | Reached skill level 5 in Translocations
 10119 | D:10     | Reached skill level 5 in Transmutations
 10119 | D:10     | Reached skill level 5 in Fire Magic
 10119 | D:10     | Reached skill level 5 in Ice Magic
 10119 | D:10     | Reached skill level 5 in Air Magic
 10119 | D:10     | Reached skill level 5 in Earth Magic
 10119 | D:10     | Reached skill level 5 in Poison Magic
 10141 | D:10     | Noticed a two-headed ogre
 10153 | D:10     | Killed a two-headed ogre
 10180 | D:10     | Noticed Urug
 10192 | D:10     | Killed Urug
 10192 | D:10     | Received a gift from Okawaru
 10395 | D:10     | Received a gift from Okawaru
 10884 | D:10     | Noticed a wizard
 10892 | D:10     | Killed a wizard
 10892 | D:10     | Reached ****** piety under Okawaru
 10892 | D:10     | Received a gift from Okawaru
 10915 | D:10     | Noticed a large abomination
 10915 | D:10     | Noticed a large abomination
 10915 | D:10     | Noticed a large abomination
 10921 | D:10     | Killed a large abomination
 10921 | D:10     | Killed a large abomination
 10921 | D:10     | Killed a large abomination
 10921 | D:10     | Received a gift from Okawaru
 10921 | D:10     | Reached XP level 12. HP: 40/96 MP: 20/22
 11204 | D:10     | Got a crude shield
 11206 | D:10     | Got a flickering brass ring
 11212 | D:10     | Identified the +3 shield "Jozofaen" {rF+ Str-4 Int+7
                  | Stlth+} (You found it on level 10 of the Dungeon)
 11213 | D:10     | Identified the ring of Hyumad {Fire Int+4 Dex+2} (You found
                  | it on level 10 of the Dungeon)
 11426 | D:10     | Noticed Joseph
 11443 | D:10     | Killed Joseph
 12008 | D:11     | Noticed a six-headed hydra
 12075 | D:11     | Found a staircase to the Orcish Mines.
 12290 | D:11     | Found a staircase to the Lair.
 12421 | D:11     | Noticed a two-headed ogre
 12436 | D:11     | Killed a two-headed ogre
 12471 | D:11     | Found a hazy altar of Hepliaklqana.
 12476 | D:11     | Noticed a two-headed ogre
 12489 | D:11     | Killed a two-headed ogre
 12489 | D:11     | Received a gift from Okawaru
 12593 | D:11     | a six-headed hydra changed into a tyrant leech
 12832 | D:11     | Received a gift from Okawaru
 12839 | D:11     | Identified the Compendium of the Dark Mountains
 13946 | D:12     | Reached skill level 10 in Fighting
 13946 | D:12     | Reached skill level 10 in Armour
 13946 | D:12     | Reached skill level 10 in Shields
 14171 | D:12     | Received a gift from Okawaru
 14574 | D:12     | Noticed Erolcha
 14585 | D:12     | Killed Erolcha
 14585 | D:12     | Received a gift from Okawaru
 14585 | D:12     | Reached XP level 13. HP: 77/103 MP: 24/24
 15207 | D:12     | Learned a level 3 spell: Inner Flame
 15805 | D:13     | Found a gate to the Vaults.
 15805 | D:13     | Noticed a vault guard
 15805 | D:13     | Noticed a vault guard
 15805 | D:13     | Noticed a vault guard
 15805 | D:13     | Noticed a vault guard
 16169 | D:13     | Noticed Frances
 16219 | Lair:1   | Entered Level 1 of the Lair of Beasts
 16398 | Lair:1   | Noticed Fannar
 16421 | Lair:1   | Killed Fannar
 16486 | Lair:1   | HP: 6/156 [porcupine (5)]
 16493 | Lair:1   | Slain by a blink frog

Skill      XL: |  1  2  3  4  5  6  7  8  9 10 11 12 13 |
---------------+----------------------------------------+-----
Invocations    | 1 2 3 4 5 6 7 8 |  8.8
Short Blades   | 1 2 3 4 5 6 7 8 |  8.0
Long Blades    | 1 2 3 4 5 6 7 8 |  8.0
Maces & Flails | 1 2 3 4 5 6 7 8 |  8.0
Polearms       | 1 2 3 4 5 6 7 8 |  8.0
Staves         | 1 2 3 4 5 6 7 8 |  8.0
Slings         | 1 2 3 4 5 6 7 8 |  8.0
Bows           | 1 2 3 4 5 6 7 8 |  8.0
Crossbows      | 1 2 3 4 5 6 7 8 |  8.0
Throwing       | 1 2 3 4 5 6 7 8 |  8.0
Dodging        | 1 2 3 4 5 6 7 8 |  8.0
Stealth        | 1 2 3 4 5 6 7 8 |  8.0
Unarmed Combat | 1 2 3 4 5 6 7 8 |  8.0
Spellcasting   | 1 2 3 4 5 6 7 8 |  8.0
Evocations     | 1 2 3 4 5 6 7 8 |  8.0
Conjurations   | 1 2 3 4 5 6 |  6.7
Hexes          | 1 2 3 4 5 6 |  6.7
Charms         | 1 2 3 4 5 6 |  6.7
Summonings     | 1 2 3 4 5 6 |  6.7
Necromancy     | 1 2 3 4 5 6 |  6.7
Translocations | 1 2 3 4 5 6 |  6.7
Transmutations | 1 2 3 4 5 6 |  6.7
Fire Magic     | 1 2 3 4 5 6 |  6.7
Ice Magic      | 1 2 3 4 5 6 |  6.7
Air Magic      | 1 2 3 4 5 6 |  6.7
Earth Magic    | 1 2 3 4 5 6 |  6.7
Poison Magic   | 1 2 3 4 5 6 |  6.7
Axes           | 5 6 7 8 9 |  9.3
Fighting       | 7 8 9 10 | 10.3
Armour         | 7 8 9 10 | 10.3
Shields        | 7 8 9 10 | 10.3

Action                   |  1- 3 |  4- 6 |  7- 9 | 10-12 | 13-15 || total
-------------------------+-------+-------+-------+-------+-------++-------
Melee: War axe           |    67 |   117 |    83 |    50 |       ||   317
       Bite              |     3 |    13 |    46 |   165 |    42 ||   269
       Broad axe         |       |       |    55 |       |       ||    55
       Whip              |       |       |   229 |   926 |   184 ||  1339
 Cast: Inner Flame       |       |       |       |       |     5 ||     5
Invok: Heroism           |       |       |       |       |     1 ||     1
Evoke: Wand              |       |       |       |     1 |       ||     1
  Use: Potion            |       |    10 |     6 |     7 |     1 ||    24
       Scroll            |       |     8 |     2 |    12 |     5 ||    27
 Stab: Distracted        |       |       |     2 |     2 |       ||     4
       Sleeping          |       |       |     7 |    11 |     3 ||    21
       Invisible         |       |       |       |     3 |       ||     3
  Eat: Chunk             |       |     4 |     3 |    10 |     1 ||    18
       Ration            |       |       |     5 |     3 |     2 ||    10
Armor: Scale mail        |    35 |    57 |   131 |   304 |    72 ||   599
       Skin              |       |     7 |     9 |       |       ||    16
Dodge: Dodged            |    25 |    48 |   168 |   545 |   162 ||   948
Block: Shield            |    51 |    97 |   218 |       |       ||   366
       Buckler           |       |       |    28 |   388 |    98 ||   514
       Reflection        |       |       |     2 |    13 |     1 ||    16
